 Dungeon Crawl Stone Soup version 0.23-a0-373-g305c090 (webtiles) character file.

7844 MisterFreud the Cleaver (level 11, -11/88 HPs)
             Began as a Deep Dwarf Berserker on Oct 24, 2018.
             Was a Priest of Trog.
             Mangled by Sonja
             ... wielding a +2 dagger of distortion
              (17 damage)
             ... on level 1 of the Lair of Beasts on Oct 25, 2018.
             The game lasted 00:33:27 (8676 turns).

MisterFreud the Cleaver (Deep Dwarf Berserker)      Turns: 8676, Time: 00:33:28

Health: -11/88     AC: 17    Str: 24    XL:     11   Next: 2%
Magic:  12/12      EV: 10    Int:  8    God:    Trog [***...]
Gold:   87         SH:  8    Dex: 12    Spells: 10/10 levels left

rFire    . . .     SeeInvis .   a - +0 hand axe
rCold    . . .     Gourm    .   u - +0 buckler
rNeg     . . .     Faith    .   e - +0 chain mail
rPois    .         Spirit   .   d - +0 helmet
rElec    .         Reflect  +   (no cloak)
rCorr    .         Harm     .   G - +0 pair of gloves
MR       ++...                  (no boots)
Stlth    ..........             I - +3 amulet of reflection
HPRegen  0.00/turn              D - +3 ring of protection
MPRegen  0.13/turn              y - ring of protection from magic

@: berserk cooldown, non-regenerating, slowed, very slow
A: damage resistance, heal wounds, sense surroundings 2, no regeneration
a: Heal Wounds, Berserk, Trog's Hand, Renounce Religion


You were on level 1 of the Lair of Beasts.
You worshipped Trog.
Trog was most pleased with you.
You were hungry.

You visited 2 branches of the dungeon, and saw 11 of its levels.

You collected 483 gold pieces.
You spent 396 gold pieces at shops.

Inventory:

Hand Weapons
 a - a +0 hand axe (weapon)
 F - a +0 battleaxe
Armour
 b - a +0 animal skin
 d - a +0 helmet (worn)
 e - a +0 chain mail (worn)
 u - a +0 buckler (worn)
 G - a +0 pair of gloves (worn)
Jewellery
 k - an uncursed ring of see invisible
 n - an uncursed ring of stealth
 x - an uncursed ring of ice
 y - a ring of protection from magic (right hand)
 D - a +3 ring of protection (left hand)
 I - a +3 amulet of reflection (around neck)
Wands
 j - a wand of paralysis (15)
 r - a wand of flame (57)
 B - a wand of disintegration (21)
 H - a wand of random effects (25)
Scrolls
 q - 4 scrolls of teleportation
 s - a scroll of enchant weapon {unknown}
 t - a scroll of silence {unknown}
 v - 4 scrolls of blinking
 w - a scroll of noise {unknown}
 A - a scroll of amnesia {unknown}
 K - a scroll of torment {unknown}
Potions
 f - a potion of haste
 g - 2 potions of heal wounds
 h - 3 potions of brilliance
 i - 3 potions of might
 l - 2 potions of flight
 m - a potion of mutation
 o - 9 potions of curing
 p - a potion of berserk rage
 C - a potion of lignification
 E - 2 potions of invisibility
 J - a potion of resistance
Comestibles
 c - 29 rations


   Skills:
 - Level 2.6 Fighting
 - Level 14.0 Axes
 + Level 9.7 Armour
 - Level 4.0 Dodging
 - Level 4.0 Shields
 - Level 6.0 Evocations


You had 10 spell levels left.
You didn't know any spells.
Your spell library was empty.

Dungeon Overview and Level Annotations

Branches:
Dungeon (10/15)            Temple (0/1) D:7            Lair (1/6) D:8
    Orc: D:9-12

Altars:
Ashenzari
Dithmenos
Elyvilon
Gozag
Qazlal
Ru
Sif Muna
Uskayaw
The Shining One

Shops:
D:5 (   D:9 !

Annotations:
D:5 exclusion: 2 doors
Lair:1 Sonja


Innate Abilities, Weirdness & Mutations

You are resistant to damage.
You can heal yourself by infusing magical energy.
You passively map the area around you.
You do not regenerate.


Message History

Space warps horribly around you!
* * * LOW HITPOINT WARNING * * *
Sonja hits you but does no damage.
You blink.
You are too berserk!
Unknown command.
You feel a strong urge to attack something.
Sonja unwields a +2 dagger of distortion.
Its appearance distorts for a moment.
Sonja wields a +0 blowgun.
Sonja shoots a curare-tipped needle.
The curare-tipped needle barely misses you.
Sonja shoots a curare-tipped needle.
The curare-tipped needle completely misses you.
You feel your anger nearly subside.
Sonja shoots a curare-tipped needle.
The curare-tipped needle misses you.
You are no longer berserk.
You are exhausted.
You feel yourself slow down.
Sonja unwields a +0 blowgun.
Sonja wields a +2 dagger of distortion.
Its appearance distorts for a moment.
Sonja hits you but does no damage. Space warps horribly around you!
You die...

,## #. ###, , #..
#.###.#..#, , * #..
*#.......##...#* ##..
*#...!...##...# #P.. ,
#........#...# * ##..
#.......##...# #... * .
#..##.##.#...########..
..#...#K###..............
........@................
.................<.).....
.........................
..............(..........
.........................
.#P.###+##...............
,#........#...#..######..
#............#..........
* .
.......#...P........#.


You could see Sonja.

Vanquished Creatures
  Joseph (D:7)
  A spiny frog (Lair:1)
  A komodo dragon (Lair:1)
  Prince Ribbit (D:7)
  3 hippogriffs
  Sigmund (D:5)
  A human (D:7)
  2 yaks
  3 hogs (D:7)
  Grum (Lair:1)
  3 wargs (D:8)
  A water moccasin (Lair:1)
  A hornet zombie (D:7)
  3 sky beasts
  5 orc warriors
  3 ice beasts
  2 necrophages (D:10)
  2 centaurs
  7 ogres
  2 wolves (Lair:1)
  A crocodile (D:7)
  A gnoll sergeant (D:5)
  2 bullfrogs
  A water moccasin skeleton (D:7)
  6 scorpions
  11 killer bees
  2 wights (D:10)
  2 crimson imps
  A bullfrog zombie (D:10)
  A centaur zombie (D:5)
  8 orc priests
  4 hounds
  A jelly (D:9)
  2 bullfrog skeletons (D:5)
  2 centaur skeletons
  7 orc wizards
  2 iguanas
  Ijyb (D:5)
  5 worker ants
  A worker ant zombie (D:10)
  2 howler monkey skeletons
  11 adders
  2 shadow imps
  2 oozes
  An adder zombie (D:5)
  An adder skeleton (D:5)
  5 worms
  2 dart slugs
  6 leopard geckos
  37 orcs
  3 giant cockroaches
  18 goblins
  7 hobgoblins
  19 jackals
  6 quokkas
  3 ball pythons
  10 bats
  6 frilled lizards
  3 kobolds
  A quokka skeleton (D:8)
  A quokka zombie (D:5)
  5 rats
256 creatures vanquished.

Notes
Turn   | Place    | Note
-------+----------+-------------------------------------------
     0 | D:1      | MisterFreud the Deep Dwarf Berserker began the quest for
                  | the Orb.
     0 | D:1      | Reached XP level 1. HP: 20/20 MP: 1/1
   168 | D:1      | Reached skill level 4 in Axes
   168 | D:1      | Reached XP level 2. HP: 18/27 MP: 2/2
   599 | D:2      | Reached ** piety under Trog
   599 | D:2      | Reached XP level 3. HP: 33/33 MP: 3/3
   742 | D:2      | Reached skill level 5 in Axes
   993 | D:2      | Reached XP level 4. HP: 19/40 MP: 4/4
  1020 | D:2      | Found a glowing golden altar of the Shining One.
  1317 | D:3      | Reached skill level 6 in Axes
  1356 | D:3      | Reached XP level 5. HP: 30/46 MP: 5/5
  1520 | D:3      | Reached *** piety under Trog
  1539 | D:3      | Noticed an ogre
  1561 | D:3      | Killed an ogre
  1561 | D:3      | Reached skill level 7 in Axes
  1617 | D:3      | Upgraded the game from 0.23-a0-370-gf497b7c to
                  | 0.23-a0-373-g305c090
  1911 | D:4      | Reached XP level 6. HP: 45/55 MP: 6/6
  2040 | D:4      | Found an opulent altar of Gozag.
  2446 | D:5      | Entered Level 5 of the Dungeon
  2446 | D:5      | Found a sacrificial altar of Ru.
  2447 | D:5      | Noticed a sky beast
  2473 | D:5      | Killed a sky beast
  2477 | D:5      | Reached skill level 8 in Axes
  2522 | D:5      | Noticed Sigmund
  2530 | D:5      | Killed Sigmund
  2530 | D:5      | Reached skill level 5 in Armour
  2530 | D:5      | Reached XP level 7. HP: 48/61 MP: 7/7
  2728 | D:5      | Found Cyiru's Weapon Boutique.
  3042 | D:5      | Reached skill level 9 in Axes
  3042 | D:5      | Reached XP level 8. HP: 68/68 MP: 8/8
  3095 | D:5      | Noticed Ijyb
  3117 | D:5      | Killed Ijyb
  3694 | D:6      | Reached skill level 10 in Axes
  3812 | D:6      | Reached skill level 1 in Evocations
  3968 | D:6      | Found a hide-covered altar of Uskayaw.
  4049 | D:6      | Found a white marble altar of Elyvilon.
  4304 | D:6      | Found a shadowy altar of Dithmenos.
  4444 | D:6      | Found a deep blue altar of Sif Muna.
  4557 | D:7      | Reached skill level 1 in Shields
  4563 | D:7      | Found a stormy altar of Qazlal.
  4834 | D:7      | Gained mutation: You passively map the area around you.
                  | [Deep Dwarf growth]
  4834 | D:7      | Reached XP level 9. HP: 39/74 MP: 11/11
  4957 | D:7      | Noticed Joseph
  4974 | D:7      | Killed Joseph
  5115 | D:7      | Noticed Prince Ribbit
  5226 | D:7      | Killed Prince Ribbit
  5268 | D:7      | Found a staircase to the Ecumenical Temple.
  5383 | D:7      | Reached skill level 11 in Axes
  5672 | D:7      | Reached skill level 12 in Axes
  5699 | D:7      | Reached XP level 10. HP: 26/81 MP: 13/13
  5819 | D:7      | You fall through a shaft for 3 floors!
  5819 | D:10     | Entered Level 10 of the Dungeon
  6707 | D:8      | Reached skill level 13 in Axes
  6755 | D:8      | Found a staircase to the Lair.
  6812 | D:8      | Found a shattered altar of Ashenzari.
  7511 | D:9      | Found Soeleir's Distillery.
  7514 | D:9      | Bought a potion of invisibility for 88 gold pieces
  7514 | D:9      | Bought a potion of heal wounds for 55 gold pieces
  7514 | D:9      | Bought a potion of resistance for 110 gold pieces
  7514 | D:9      | Bought a potion of curing for 33 gold pieces
  7514 | D:9      | Bought a potion of curing for 33 gold pieces
  7514 | D:9      | Bought a potion of might for 44 gold pieces
  7514 | D:9      | Bought a potion of curing for 33 gold pieces
  7844 | D:10     | Reached skill level 5 in Evocations
  7852 | D:10     | Reached skill level 14 in Axes
  8395 | Lair:1   | Entered Level 1 of the Lair of Beasts
  8424 | Lair:1   | Noticed Grum
  8426 | Lair:1   | Noticed a spiny frog
  8446 | Lair:1   | Killed a spiny frog
  8463 | Lair:1   | Killed Grum
  8548 | Lair:1   | Reached XP level 11. HP: 65/88 MP: 12/12
  8660 | Lair:1   | Noticed Sonja
  8676 | Lair:1   | Mangled by Sonja

Vault maps used:
D:1:      eino_arrival_cavern_e, grunt_decor_resistance
D:2:      nicolae_tso_carved_into_rock, kennysheep_generic_room_16
D:3:      corexii_leaking_fountain, minmay_ogre_servants
D:4:      nicolae_gozag_seed_capital
D:5:      cheibrodos_two_vegetables, lemuel_crystal_altar, serial_shops,
          nicolae_shop_competitors_out_of_business, first_ration,
          kennysheep_generic_room_5, uniq_ijyb, uniq_sigmund
D:6:      old_standard_altar, elyvilon_altar_3, eat_drink_and_be_merry_uskayaw,
          marbit_many_paths, small_statue_alley_b, nrook_mini_backslash
D:7:      minmay_temple_entry_butterflies, grunt_livestock,
          nicolae_qazlal_eye_of_the_storm, uniq_joseph, uniq_prince_ribbit1
D:8:      old_standard_altar, erik_lair_orcish_takeover
D:9:      serial_shops, nicolae_shop_window_shopping, kennysheep_small_square
D:10:     serial_undead, serial_undead_d, serial_undead_d, serial_undead_b,
          serial_undead_c, enter_bailey_2
Lair:1:   uniq_sonja, uniq_grum

Skill      XL: |  1  2  3  4  5  6  7  8  9 10 |
---------------+-------------------------------+-----
Axes           | 4 5 6 7 8 9 10 12 14 | 14.0
Armour         | 5 6 7 8 9 |  9.7
Evocations     | 3 4 6 |  6.0
Dodging        | 3 4 |  4.0
Shields        | 2 4 |  4.0
Fighting       | |  2.6

Action                   |  1- 3 |  4- 6 |  7- 9 | 10-12 || total
-------------------------+-------+-------+-------+-------++-------
Melee: Hand axe          |   124 |   173 |   688 |   615 ||  1600
Invok: Berserk           |     2 |     4 |     6 |     5 ||    17
       Trog's Hand       |       |     5 |    24 |     4 ||    33
 Abil: Heal Wounds       |     1 |       |       |     8 ||     9
Evoke: Wand              |       |       |     3 |     3 ||     6
  Use: Scroll            |       |     8 |     3 |     4 ||    15
       Potion            |       |       |     3 |       ||     3
 Stab: Sleeping          |     2 |       |       |       ||     2
       Paralysed         |       |       |     3 |       ||     3
  Eat: Chunk             |     2 |    10 |    19 |    16 ||    47
       Ration            |       |       |     2 |       ||     2
Armor: Animal skin       |    35 |    17 |       |       ||    52
       Chain mail        |       |    21 |   244 |   180 ||   445
       Skin              |       |       |    37 |       ||    37
Dodge: Dodged            |    93 |    70 |   222 |   141 ||   526
Block: Buckler           |       |       |    59 |   115 ||   174
       Reflection        |       |       |       |     1 ||     1

Table legend:
 A = Non-vault XP
 B = Vault XP
 C = Vault XP percentage of total XP
 D = Non-vault monster count
 E = Vault monster count
 F = Vault count percentage of total count
                 A         B        C        D         E       F
            +---------+---------+-------+---------+---------+-------
      Total |    7203 |    4003 |  35.7 |     212 |      44 |  17.2
            +---------+---------+-------+---------+---------+-------
        D:1 |      31 |       0 |   0.0 |      20 |       0 |   0.0
        D:2 |      75 |       7 |   8.5 |      22 |       2 |   8.3
        D:3 |     112 |     133 |  54.3 |      22 |       9 |  29.0
        D:4 |     162 |       0 |   0.0 |       8 |       0 |   0.0
        D:5 |     762 |     491 |  39.2 |      32 |       6 |  15.8
        D:6 |     453 |      46 |   9.2 |      19 |       1 |   5.0
        D:7 |    1774 |    1734 |  49.4 |      26 |       7 |  21.2
        D:8 |     491 |     615 |  55.6 |       9 |       8 |  47.1
        D:9 |    1194 |     133 |  10.0 |      29 |       2 |   6.5
       D:10 |    1159 |     420 |  26.6 |      21 |       6 |  22.2
     Lair:1 |     990 |     424 |  30.0 |       4 |       3 |  42.9
            +---------+---------+-------+---------+---------+-------
